 Dungeon Crawl Stone Soup version 0.18.1-48-g4cf74bf (webtiles) character file.

3353 GameOver the Transmogrifier (level 10, -3/84 HPs)
             Began as a Naga Transmuter on Sept 12, 2016.
             Was a Priest of Okawaru.
             Killed from afar by an electric eel (15 damage)
             ... with a bolt of electricity
             ... on level 8 of the Dungeon.
             The game lasted 00:48:26 (8192 turns).

GameOver the Transmogrifier (Naga Transmuter)       Turns: 8192, Time: 00:48:26

Health: -3/84      AC:  5    Str: 14    XL:     10   Next: 3%
Magic:  17/18      EV: 19    Int: 16    God:    Okawaru [***...]
Gold:   320        SH:  0    Dex: 16    Spells: 4 memorised, 8 levels left

rFire  . . .     SeeInvis +       - Unarmed
rCold  . . .     Gourm    .     (armour currently unavailable)
rNeg   . . .     Faith    .     (shield currently unavailable)
rPois  x         Spirit   .     (helmet currently unavailable)
rElec  .         Dismiss  .     (cloak currently unavailable)
rCorr  .         Reflect  .     (gloves currently unavailable)
SustAt .         Harm     .     (no barding)
MR     +....                    (no amulet)
Stlth  ++++......               I - +3 ring of protection
                                B - ring of wizardry

@: spider-form, somewhat resistant to hostile enchantments, stealthy
A: see invisible, (deformed body), (poison resistance), (slowness 0), slow
metabolism 1, spit poison 2, AC +3
a: Spit Poison, End Transformation, Heroism, Renounce Religion


You were on level 8 of the Dungeon.
You worshipped Okawaru.
Okawaru was most pleased with you.
You were not hungry.
You were a venomous arachnid creature.
You visited 2 branches of the dungeon, and saw 9 of its levels.
You also visited: Sewer.

You collected 390 gold pieces.
You spent 70 gold pieces at shops.

Inventory:

Hand Weapons
 J - a +2 quarterstaff of chaos
Missiles
 a - 82 arrows
 C - 7 steel tomahawks (quivered)
Armour
 m - a +2 hat (melded)
 w - a +0 leather armour (melded)
 K - a +1 cloak (melded)
Jewellery
 B - a ring of wizardry (left front leg)
 I - a +3 ring of protection (right front leg)
Wands
 n - a wand of random effects (17/48)
 y - a wand of lightning (7/15)
 F - a wand of random effects (30/48)
Scrolls
 b - 2 scrolls of fear {unknown}
 g - 10 scrolls of identify
 h - 4 scrolls of teleportation
 i - 5 scrolls of remove curse
 r - 2 scrolls of recharging {unknown}
 s - 2 scrolls of enchant armour {unknown}
 v - a scroll of fog {unknown}
 z - 2 scrolls of blinking {unknown}
 H - a scroll of magic mapping {unknown}
Potions
 e - 3 potions of curing
 j - 2 potions of might {unknown}
 k - a potion of invisibility {unknown}
 l - 3 potions of degeneration {unknown}
 o - 4 potions of haste
 q - 3 potions of lignification {unknown}
 u - 8 potions of heal wounds
 x - a potion of flight
 A - a potion of brilliance
 D - a potion of beneficial mutation {unknown}
 G - a potion of berserk rage {unknown}
Books
 c - a book of Changes

   Spells                             Type                      Level
   a - Beastly Appendage              Transmutation                1
   b - Sticks to Snakes               Transmutation                2
   c - Spider Form                    Transmutation/Poison         3
   d - Ice Form                       Ice/Transmutation            4
   e - Blade Hands                    Transmutation                5
Comestibles
 d - 10 bread rations
 f - 6 meat rations
 p - 2 beef jerkies
 t - 3 chunks of flesh


   Skills:
 + Level 3.3 Fighting
 - Level 1.5 Dodging
 + Level 7.0 Stealth
 + Level 6.9 Unarmed Combat
 + Level 5.4 Spellcasting
 - Level 9.0 Transmutations
 - Level 4.3 Poison Magic


You had 8 spell levels left.
You knew the following spells:

 Your Spells              Type           Power        Failure   Level  Hunger
a - Beastly Appendage     Trmt           ####..       1%          1    None
b - Sticks to Snakes      Trmt           ####....     1%          2    #......
c - Spider Form           Trmt/Pois      ####......   4%          3    ###....
d - Blade Hands           Trmt           ####......   12%         5    ######.


Dungeon Overview and Level Annotations

Branches:
Dungeon (8/15)             Temple (1/1) D:6
   Lair: D:8-11

Altars:
Ashenzari
Cheibriados
Dithmenos
Elyvilon
Fedhas
Gozag
Kikubaaqudgha
Makhleb
Okawaru
Pakellas
Qazlal
Ru
Sif Muna
Trog
Vehumet
Xom
Yredelemnul
Zin
The Shining One

Shops:
D:4 (

Annotations:
D:2 stash behind transparent rock


Innate Abilities, Weirdness & Mutations

You cannot wear boots.
((Your serpentine skin is tough (AC +3).))
You have supernaturally acute eyesight.
((Armour fits poorly on your strangely shaped body.))
((Your system is resistant to poisons.))
((You cover ground very slowly.))
You have a slow metabolism.
You can spit poison.


Message History

* * * LOW HITPOINT WARNING * * *
The lightning arcs!
You hit the insubstantial wisp.
The insubstantial wisp is moderately damaged.
You hit the insubstantial wisp.
The insubstantial wisp is heavily damaged.
The insubstantial wisp completely misses you.
You bite the insubstantial wisp!
The insubstantial wisp is almost destroyed.
The insubstantial wisp hits you.
* * * LOW HITPOINT WARNING * * *
The insubstantial wisp blinks!
An electric eel comes into view.
The electric eel shoots out a bolt of lightning at you!
The bolt of electricity hits you!
* * * LOW HITPOINT WARNING * * *
The insubstantial wisp misses you.
The electric eel shoots out a bolt of lightning at you!
The bolt of electricity hits you!
You die...

#. #.##...####.######.
.#.###..................
..........##..###.######.
#.........##...........#.
##.........##..###.####.#.
...........##......# #.#.
...........##.#.##.# #.#.
...........##.#+##.####.#.
#......s..#...........#.
#......v..# ........###.
#.........# .....##.###.
#........<# ............
#?........# ##.#.##.....
............# # #.....
≈.;###+###### ##..## .≈
##..... ≈ .......


You could see an insubstantial wisp and an electric eel.

Vanquished Creatures
  The ghost of Inkary the Chopper, a novice FoFi of Okawaru (D:5)
  A spriggan (D:7)
  A yak (D:8)
  A hippogriff (D:8)
  An insubstantial wisp (D:7)
  An orc warrior (D:6)
  3 sky beasts
  A black bear (D:6)
  A phantom (D:7)
  5 ogres
  A centaur (D:5)
  A giant frog (D:6)
  A water moccasin zombie (D:5)
  A scorpion (D:3)
  A howler monkey (D:6)
  A centaur zombie (D:6)
  A crimson imp (D:6)
  A wasp zombie (D:6)
  7 hounds
  A jelly (D:7)
  Crazy Yiuf (D:7)
  An iguana (D:6)
  6 orc wizards
  4 worker ants
  A hound zombie (D:6)
  A worker ant zombie (D:5)
  12 gnolls
  2 river rats (D:3)
  5 adders
  An adder skeleton (D:4)
  An adder simulacrum (D:8)
  4 dart slugs
  5 worms
  7 giant geckos
  20 orcs
  3 ball pythons
  8 giant cockroaches
  9 hobgoblins
  21 jackals
  2 quokkas
  7 bats
  11 giant newts
  7 goblins
  7 kobolds
  2 quokka skeletons
  4 rats
  2 plants (Sewer)
186 creatures vanquished.

Vanquished Creatures (collateral kills)
  A hippogriff (D:6)
  A wyvern skeleton (D:7)
  Jessica (D:2)
  A killer bee zombie (D:7)
  A river rat (D:3)
5 creatures vanquished.

Grand Total: 191 creatures vanquished

Notes
Turn   | Place    | Note
--------------------------------------------------------------
     0 | D:1      | GameOver the Naga Transmuter began the quest for the Orb.
     0 | D:1      | Reached XP level 1. HP: 18/18 MP: 3/3
   140 | D:1      | Reached skill level 1 in Stealth
   154 | D:1      | Reached XP level 2. HP: 23/25 MP: 3/5
   473 | D:1      | Learned a level 2 spell: Sticks to Snakes
   699 | D:1      | Reached XP level 3. HP: 24/31 MP: 3/6
   830 | D:1      | Reached skill level 3 in Transmutations
   840 | D:1      | Learned a level 3 spell: Spider Form
  1182 | D:2      | Reached skill level 1 in Poison Magic
  1182 | D:2      | Reached XP level 4. HP: 34/38 MP: 4/7
  1419 | D:2      | Noticed Jessica
  1450 | D:2      | Killed Jessica
  1685 | D:2      | Found a blossoming altar of Fedhas.
  2061 | D:3      | Reached XP level 5. HP: 44/44 MP: 1/8
  2065 | D:3      | Reached skill level 4 in Transmutations
  2358 | D:3      | Found a glowing drain.
  2379 | D:3      | Reached XP level 6. HP: 32/51 MP: 3/9
  2407 | Sewer    | Entered a sewer
  3305 | D:3      | Reached skill level 5 in Transmutations
  3517 | D:4      | Found Datal's Weapon Emporium.
  3532 | D:4      | Bought 27 arrows for 70 gold pieces
  4080 | D:5      | Entered Level 5 of the Dungeon
  4086 | D:5      | Noticed Inkary's ghost (novice FoFi)
  4370 | D:5      | Found an oddly glowing altar of Pakellas.
  4433 | D:5      | Reached XP level 7. HP: 27/57 MP: 6/10
  4779 | D:5      | Reached skill level 6 in Transmutations
  4851 | D:5      | Found a glowing golden altar of the Shining One.
  5337 | D:6      | Found a staircase to the Ecumenical Temple.
  5352 | Temple   | Entered the Ecumenical Temple
  5445 | Temple   | Became a worshipper of Warmaster Okawaru
  5493 | D:6      | Noticed a hippogriff
  5520 | D:6      | Killed a hippogriff
  5520 | D:6      | Reached XP level 8. HP: 61/64 MP: 5/11
  5534 | D:6      | Reached skill level 7 in Transmutations
  5556 | D:6      | Learned a level 5 spell: Blade Hands
  6225 | D:6      | Reached * piety under Okawaru
  6233 | D:6      | Reached skill level 5 in Unarmed Combat
  6645 | D:6      | Reached skill level 8 in Transmutations
  6686 | D:6      | Found a burning altar of Makhleb.
  6690 | D:6      | Found a stormy altar of Qazlal.
  6691 | D:6      | Found an ancient bone altar of Kikubaaqudgha.
  6859 | D:7      | Reached XP level 9. HP: 59/70 MP: 11/14
  7309 | D:7      | Reached ** piety under Okawaru
  7396 | D:7      | Reached skill level 9 in Transmutations
  7546 | D:7      | Noticed Crazy Yiuf
  7561 | D:7      | Killed Crazy Yiuf
  7561 | D:7      | Reached skill level 5 in Stealth
  7724 | D:8      | Found a shattered altar of Ashenzari.
  8071 | D:5      | Reached skill level 5 in Spellcasting
  8077 | D:5      | Killed Inkary's ghost
  8077 | D:5      | Reached *** piety under Okawaru
  8146 | D:7      | Reached XP level 10. HP: 35/84 MP: 13/18
  8192 | D:8      | Killed from afar by an electric eel

Skill      XL: |  1  2  3  4  5  6  7  8  9 |
---------------+----------------------------+-----
Stealth        | 1 2 3 4 7 |  7.0
Transmutations | 3 4 5 6 8 9 |  9.0
Poison Magic   | 1 2 3 4 |  4.3
Unarmed Combat | 4 5 6 |  6.9
Spellcasting   | 3 5 |  5.4
Fighting       | 3 |  3.3
Dodging        | |  1.5

Action                   |  1- 3 |  4- 6 |  7- 9 | 10-12 || total
-------------------------+-------+-------+-------+-------++-------
Melee: Unarmed           |    71 |   247 |   276 |     9 ||   603
       Headbutt          |    10 |    37 |    14 |       ||    61
       Punch             |     2 |     1 |     3 |       ||     6
 Cast: Beastly Appendage |    20 |    35 |    16 |       ||    71
       Sticks to Snakes  |       |     4 |    11 |       ||    15
       Spider Form       |       |     6 |    26 |     1 ||    33
       Blade Hands       |       |       |     2 |       ||     2
 Abil: Spit Poison       |    35 |    69 |    55 |       ||   159
       End Transformatio |       |       |     1 |       ||     1
  Use: Scroll            |       |     7 |       |       ||     7
 Stab: Distracted        |       |     1 |     2 |       ||     3
       Sleeping          |       |     2 |     1 |       ||     3
  Eat: Chunk             |     3 |    16 |    16 |       ||    35
       Fruit             |       |       |     1 |       ||     1
Armor: Robe              |    18 |    17 |       |       ||    35
       Leather armour    |       |    63 |    46 |       ||   109
       Skin              |       |       |     7 |       ||     7
Dodge: Dodged            |    47 |   119 |   190 |     3 ||   359
